SNL (28 & UNDER)
BEAUMONT ROUGHNECKS @ SALEM SILVER SOULS
08/15/2028
 
TOP OF THE 1ST
Beaumont Roughnecks batting - Pitching for Salem Silver Souls : RHP Víctor Hernández
Pitching: RHP Víctor Hernández
Batting: RHB John James 0-0: Ball
1-0: Ball
2-0: Ball
3-0: Called Strike
3-1: Base on Balls
Batting: RHB Jeff Mason 0-0: Ball
1-0: Foul Ball, location: 2F
1-1: Ball
2-1: Ball
3-1: DOUBLE (Flyball, 78D)
John James to third
Runner from 3rd tries for Home, SAFE, no throw
Batting: SHB Keith Gratton 0-0: Foul Ball, location: 2F
0-1: Ball
1-1: Swinging Strike
1-2: Fly out, F8 (Flyball, 78D)
Batting: RHB Si-xun Li 0-0: Called Strike
0-1: Ball
1-1: Swinging Strike
Passed Ball!
Jeff Mason to third
1-2: Ball
2-2: Ball
3-2: Strikes out swinging
Batting: LHB Enrique Cruz 0-0: Ball
1-0: Swinging Strike
1-1: Called Strike
1-2: Strikes out swinging
Top of the 1st over - 1 run(s), 1 hit(s), 0 error(s), 1 left on base; Beaumont 1 - Salem 0
BOTTOM OF THE 1ST
Salem Silver Souls batting - Pitching for Beaumont Roughnecks : RHP Dave Hammond
Pitching: RHP Dave Hammond
Batting: LHB Alonso Contreras 0-0: Called Strike
0-1: Called Strike
0-2: Foul Ball, location: 2F
0-2: Strikes out swinging
Batting: LHB Rodrigo Pérez 0-0: Fly out, F7 (Flyball, 78M)
Batting: SHB Felipe Castro 0-0: Ball
1-0: Ground out 4-3 (Groundball, 34)
Bottom of the 1st over - 0 run(s), 0 hit(s), 0 error(s), 0 left on base; Beaumont 1 - Salem 0
TOP OF THE 2ND
Beaumont Roughnecks batting - Pitching for Salem Silver Souls : RHP Víctor Hernández
Batting: RHB Michael Kent 0-0: Ball
1-0: Foul Ball, location: 2F
1-1: Ball
2-1: Ball
3-1: Called Strike
3-2: Ground out 6-3 (Groundball, 6S)
Batting: RHB António Aguilar 0-0: Ball
1-0: Ball
2-0: Called Strike
2-1: Foul Ball, location: 2F
2-2: Ball
3-2: Foul Ball, location: 2F
3-2: Strikes out swinging
Batting: RHB Miguel Costa 0-0: Foul Ball, location: 2F
0-1: Swinging Strike
0-2: Strikes out swinging
Top of the 2nd over - 0 run(s), 0 hit(s), 0 error(s), 0 left on base; Beaumont 1 - Salem 0
BOTTOM OF THE 2ND
Salem Silver Souls batting - Pitching for Beaumont Roughnecks : RHP Dave Hammond
Batting: LHB Joel Nelson 0-0: Ground out 5-3 (Groundball, 56)
Batting: SHB Tony Yan 0-0: Ground out 5-3 (Groundball, 5L)
Batting: LHB Luis Aragón 0-0: Foul Ball, location: 2F
0-1: Ground out 4-3 (Groundball, 4)
Bottom of the 2nd over - 0 run(s), 0 hit(s), 0 error(s), 0 left on base; Beaumont 1 - Salem 0
TOP OF THE 3RD
Beaumont Roughnecks batting - Pitching for Salem Silver Souls : RHP Víctor Hernández
Batting: LHB William Foley 0-0: Called Strike
0-1: Foul Ball, location: 2F
0-2: Foul Ball, location: 2F
0-2: Foul Ball, location: 2F
0-2: Ball
1-2: Ball
2-2: Fly out, F2 (Popup, 56S)
Batting: RHB John James 0-0: Ball
1-0: SINGLE (Line Drive, 56D)
Batting: RHB Jeff Mason 0-0: Called Strike
0-1: Ball
1-1: Ball
2-1: Called Strike
2-2: Strikes out swinging
Batting: SHB Keith Gratton 0-0: Ball
1-0: Foul Ball, location: 2F
1-1: Called Strike
1-2: Ground out U3 (Groundball, 34)
Top of the 3rd over - 0 run(s), 1 hit(s), 0 error(s), 1 left on base; Beaumont 1 - Salem 0
BOTTOM OF THE 3RD
Salem Silver Souls batting - Pitching for Beaumont Roughnecks : RHP Dave Hammond
Batting: LHB Balduíno Bruschy 0-0: Called Strike
0-1: Called Strike
0-2: Strikes out swinging
Batting: SHB Caleb Hart 0-0: Ball
1-0: Ground out U3 (Groundball, 34S)
Batting: SHB Alberto Sandoval 0-0: Foul Ball, location: 2F
0-1: Ball
1-1: Ground out 6-3 (Groundball, 6)
Bottom of the 3rd over - 0 run(s), 0 hit(s), 0 error(s), 0 left on base; Beaumont 1 - Salem 0
TOP OF THE 4TH
Beaumont Roughnecks batting - Pitching for Salem Silver Souls : RHP Víctor Hernández
Batting: RHB Si-xun Li 0-0: Fly out, F8 (Flyball, 8RXD)
Batting: LHB Enrique Cruz 0-0: Ball
1-0: Ball
2-0: Ball
3-0: Foul Ball, location: 2F
3-1: Swinging Strike
3-2: Strikes out swinging
Batting: RHB Michael Kent 0-0: Called Strike
0-1: Ball
1-1: Swinging Strike
1-2: Foul Ball, location: 2F
1-2: Ball
2-2: Ground out 6-3 (Groundball, 6)
Top of the 4th over - 0 run(s), 0 hit(s), 0 error(s), 0 left on base; Beaumont 1 - Salem 0
BOTTOM OF THE 4TH
Salem Silver Souls batting - Pitching for Beaumont Roughnecks : RHP Dave Hammond
Batting: LHB Alonso Contreras 0-0: Ball
1-0: Ball
2-0: Ground out U3 (Groundball, 34)
Batting: LHB Rodrigo Pérez 0-0: Ball
1-0: Ball
2-0: Foul Ball, location: 2F
2-1: Foul Ball, location: 2F
2-2: Ground out 6-3 (Groundball, 6MS)
Batting: SHB Felipe Castro 0-0: Called Strike
0-1: Foul Ball, location: 2F
0-2: Strikes out looking
Bottom of the 4th over - 0 run(s), 0 hit(s), 0 error(s), 0 left on base; Beaumont 1 - Salem 0
TOP OF THE 5TH
Beaumont Roughnecks batting - Pitching for Salem Silver Souls : RHP Víctor Hernández
Batting: RHB António Aguilar 0-0: Foul Ball, location: 2F
0-1: Called Strike
0-2: Foul Ball, location: 2F
0-2: Ground out 6-3 (Groundball, 6M)
Batting: RHB Miguel Costa 0-0: Ball
1-0: Ground out 6-3 (Groundball, 6)
Batting: LHB William Foley 0-0: Ball
1-0: Called Strike
1-1: Fly out, F7 (Flyball, 7S)
Top of the 5th over - 0 run(s), 0 hit(s), 0 error(s), 0 left on base; Beaumont 1 - Salem 0
BOTTOM OF THE 5TH
Salem Silver Souls batting - Pitching for Beaumont Roughnecks : RHP Dave Hammond
Batting: LHB Joel Nelson 0-0: Ball
1-0: Ground out 3-1 (Groundball, 34S)
Batting: SHB Tony Yan 0-0: Foul Ball, location: 2F
0-1: Ball
1-1: Ball
2-1: Ball
3-1: Called Strike
3-2: Ground out 5-3 (Groundball, 56S)
Batting: LHB Luis Aragón 0-0: Ball
1-0: Called Strike
1-1: Ball
2-1: Foul Ball, location: 2F
2-2: Strikes out swinging, 2-3 out at first.
Bottom of the 5th over - 0 run(s), 0 hit(s), 0 error(s), 0 left on base; Beaumont 1 - Salem 0
TOP OF THE 6TH
Beaumont Roughnecks batting - Pitching for Salem Silver Souls : RHP Víctor Hernández
Batting: RHB John James 0-0: Swinging Strike
0-1: Foul Ball, location: 2F
0-2: Ball
1-2: Strikes out swinging
Batting: RHB Jeff Mason 0-0: SINGLE (Line Drive, 3)
Batting: SHB Keith Gratton 0-0: Ball
1-0: Swinging Strike
1-1: Ball
Jeff Mason is caught stealing 2nd base
2-1: Ball
3-1: Foul Ball, location: 2F
3-2: Foul Ball, location: 2F
3-2: Fly out, F8 (Flyball, 8LS)
Top of the 6th over - 0 run(s), 1 hit(s), 0 error(s), 0 left on base; Beaumont 1 - Salem 0
BOTTOM OF THE 6TH
Salem Silver Souls batting - Pitching for Beaumont Roughnecks : RHP Dave Hammond
Batting: LHB Balduíno Bruschy 0-0: Ball
1-0: Ball
2-0: Called Strike
2-1: Called Strike
2-2: Foul Ball, location: 2F
2-2: Ground out 4-3 (Groundball, 4)
Batting: SHB Caleb Hart 0-0: Called Strike
0-1: Ball
1-1: Foul Ball, location: 2F
1-2: Foul Ball, location: 2F
1-2: Strikes out looking
Batting: SHB Alberto Sandoval 0-0: Foul Ball, location: 2F
0-1: Foul Ball, location: 2F
0-2: Foul Ball, location: 2F
0-2: Strikes out swinging
Bottom of the 6th over - 0 run(s), 0 hit(s), 0 error(s), 0 left on base; Beaumont 1 - Salem 0
TOP OF THE 7TH
Beaumont Roughnecks batting - Pitching for Salem Silver Souls : RHP Víctor Hernández
Batting: RHB Si-xun Li 0-0: Called Strike
0-1: Ball
1-1: Swinging Strike
1-2: Foul Ball, location: 2F
1-2: Strikes out looking
Pitching: RHP Ramón Marerro
Batting: LHB Enrique Cruz 0-0: Ball
1-0: Ball
2-0: Ball
3-0: Called Strike
3-1: Foul Ball, location: 2F
3-2: Ground out 6-3 (Groundball, 6M)
Batting: RHB Michael Kent 0-0: Ball
1-0: Foul Ball, location: 2F
1-1: Ball
2-1: Foul Ball, location: 2F
2-2: Foul Ball, location: 2F
2-2: Ball
3-2: Base on Balls
Batting: RHB António Aguilar 0-0: Ball
1-0: Swinging Strike
1-1: Ball
2-1: Called Strike
2-2: Foul Ball, location: 2F
2-2: Ball
3-2: Strikes out swinging
Top of the 7th over - 0 run(s), 0 hit(s), 0 error(s), 1 left on base; Beaumont 1 - Salem 0
BOTTOM OF THE 7TH
Salem Silver Souls batting - Pitching for Beaumont Roughnecks : RHP Dave Hammond
Batting: LHB Alonso Contreras 0-0: Called Strike
0-1: Called Strike
0-2: Strikes out looking
Batting: LHB Rodrigo Pérez 0-0: Called Strike
0-1: Hit by Pitch
Batting: SHB Felipe Castro 0-0: Ball
Rodrigo Pérez is caught stealing 2nd base
1-0: Ball
2-0: Called Strike
2-1: Ball
3-1: Foul Ball, location: 2F
3-2: Strikes out swinging
Bottom of the 7th over - 0 run(s), 0 hit(s), 0 error(s), 0 left on base; Beaumont 1 - Salem 0
TOP OF THE 8TH
Beaumont Roughnecks batting - Pitching for Salem Silver Souls : RHP Ramón Marerro
Batting: RHB Miguel Costa 0-0: Called Strike
0-1: Ball
1-1: Ground out 5-3 (Groundball, 5L)
Batting: LHB William Foley 0-0: Called Strike
0-1: Ball
1-1: Called Strike
1-2: Ball
2-2: Ball
3-2: Base on Balls
Batting: RHB John James 0-0: Ball
1-0: Ball
2-0: Foul Ball, location: 2F
2-1: Foul Ball, location: 2F
2-2: Ground out 4-3 (Groundball, 34)
William Foley to second
Now at 2B: Elpidio Martinho
Batting: RHB Jeff Mason 0-0: Ball
1-0: Ball
2-0: Called Strike
2-1: Ball
3-1: Base on Balls
Batting: SHB Keith Gratton 0-0: Called Strike
0-1: Foul Ball, location: 2F
0-2: Foul Ball, location: 2F
0-2: Foul Ball, location: 2F
0-2: Strikes out swinging
Top of the 8th over - 0 run(s), 0 hit(s), 0 error(s), 2 left on base; Beaumont 1 - Salem 0
BOTTOM OF THE 8TH
Salem Silver Souls batting - Pitching for Beaumont Roughnecks : RHP Dave Hammond
Batting: LHB Joel Nelson 0-0: Ball
1-0: Ball
2-0: Ground out 1-3 (Groundball, P)
Batting: SHB Tony Yan 0-0: Foul Ball, location: 2F
0-1: Ball
1-1: Ball
2-1: Ground out U3 (Groundball, 3L)
Batting: LHB Luis Aragón 0-0: DOUBLE (Groundball, 5L)
Pinch Hitting: LHB Hamilton Hughes 0-0: Called Strike
0-1: Ground out 4-3 (Groundball, 34)
Bottom of the 8th over - 0 run(s), 1 hit(s), 0 error(s), 1 left on base; Beaumont 1 - Salem 0
TOP OF THE 9TH
Beaumont Roughnecks batting - Pitching for Salem Silver Souls : RHP Ramón Marerro
Pitching: RHP Eusébio Lagarto
Now at 1B: Hamilton Hughes
Batting: RHB Si-xun Li 0-0: Ball
1-0: Called Strike
1-1: Swinging Strike
1-2: Ball
2-2: Ground out 5-3 (Groundball, 5)
Batting: LHB Enrique Cruz 0-0: Swinging Strike
0-1: Ball
1-1: Ball
2-1: Foul Ball, location: 2F
2-2: Strikes out looking
Batting: RHB Michael Kent 0-0: Ball
1-0: Foul Ball, location: 2F
1-1: Reached on error, E4 (Groundball, 4MS)
Batting: RHB António Aguilar 0-0: Called Strike
0-1: Ball
1-1: Ball
2-1: Foul Ball, location: 2F
2-2: Ball
3-2: Foul Ball, location: 2F
3-2: Foul Ball, location: 2F
3-2: Ground out 6-3 (Groundball, 6)
Top of the 9th over - 0 run(s), 0 hit(s), 1 error(s), 1 left on base; Beaumont 1 - Salem 0
BOTTOM OF THE 9TH
Salem Silver Souls batting - Pitching for Beaumont Roughnecks : RHP Dave Hammond
Pitching: LHP Artie Nelson
Pinch Hitting: RHB Jaime Rodríguez 0-0: Ball
1-0: Foul Ball, location: 2F
1-1: Ball
2-1: Called Strike
2-2: Strikes out swinging
Pinch Hitting: RHB Tom Hughes 0-0: Fly out, F8 (Line Drive, 8LM)
Pinch Hitting: RHB Juan Becerra 0-0: Called Strike
0-1: SINGLE (Groundball, 56D)
Pinch Hitting: RHB Rusty Anderson 0-0: Ball
1-0: Called Strike
1-1: Foul Ball, location: 2F
1-2: Ball
2-2: Strikes out looking
Bottom of the 9th over - 0 run(s), 1 hit(s), 0 error(s), 1 left on base; Beaumont 1 - Salem 0
Tuesday, August 8th, 2017 - OOTP Baseball 17.12 Build 75